[Event "ICC tourney 2260 (3 2)"]
[Site "Internet Chess Club"]
[Date "2020.12.31"]
[Round "4"]
[White "ThirstyMonster"]
[Black "kurohaze"]
[Result "1-0"]
[ICCResult "Black checkmated"]
[WhiteElo "1283"]
[BlackElo "1168"]
[Opening "Queen's gambit accepted"]
[ECO "D20"]
[NIC "QG.03"]
[Time "12:44:03"]
[PlyCount "139"]
[TimeControl "180+2"]

1. d4 d5 2. c4 dxc4 3. e3 e6 4. Bxc4 a6 5. Nc3 b5 6. Bd3 Bb7 7. Nf3 Nf6 8.
O-O Be7 9. e4 O-O 10. a3 c5 11. dxc5 Bxc5 12. Bg5 Be7 13. Qe2 Nc6 14. Rfd1
Nd7 15. Bxe7 Qxe7 16. Rac1 Na5 17. b4 Nc6 18. e5 Nb6 19. h3 Rad8 20. Qe3
Nd5 21. Nxd5 exd5 22. Qc5 h6 23. Qxe7 Nxe7 24. Rc7 Rc8 25. Rxb7 Ng6 26.
Bxg6 fxg6 27. Rxd5 Rc3 28. Rdd7 Re8 29. Rxg7+ Kh8 30. Rxg6 Rxa3 31. Rxh6+
Kg8 32. Rbh7 Ra1+ 33. Kh2 Kf8 34. Rh8+ Ke7 35. R6h7+ Kd8 36. Rxe8+ Kxe8 37.
g4 Rb1 38. Ra7 Rxb4 39. Rxa6 Ke7 40. Rb6 Rb2 41. Kg3 b4 42. Nd4 Rb1 43.
Nc6+ Ke6 44. Nxb4+ Kd7 45. Nd5 Rxb6 46. Nxb6+ Ke6 47. f4 Kf7 48. Nd5 Ke6
49. h4 Kxd5 50. h5 Ke6 51. Kf3 Kf7 52. Ke4 Kg7 53. f5 Kf7 54. Kf4 Kg7 55.
g5 Kf7 56. e6+ Ke7 57. Ke5 Kf8 58. Kf6 Ke8 59. e7 Kd7 60. Kf7 Kd6 61. e8=Q
Kd5 62. h6 Kd4 63. h7 Kd3 64. h8=Q Kc2 65. Qhe5 Kd2 66. Qd7+ Kc2 67. Qec7+
Kb3 68. Qdd8 Kb4 69. Qdb8+ Ka4 70. Qca7# { Black checkmated } 1-0

[Event "ICC tourney 2260 (3 2)"]
[Site "Internet Chess Club"]
[Date "2020.12.31"]
[Round "4"]
[White "chessmonkey05"]
[Black "VirginiaGuy"]
[Result "0-1"]
[ICCResult "White resigns"]
[WhiteElo "1617"]
[BlackElo "1371"]
[Opening "Caro-Kann: advance variation"]
[ECO "B12"]
[NIC "CK.04"]
[Time "12:44:03"]
[PlyCount "164"]
[TimeControl "180+2"]

1. e4 c6 2. d4 d5 3. e5 Bf5 4. Nf3 e6 5. Be2 h6 6. O-O Nd7 7. Nbd2 Ne7 8.
Nb3 Bh7 9. Be3 Nf5 10. c3 Nxe3 11. fxe3 Be7 12. Nfd2 O-O 13. Bf3 Rc8 14. e4
Nb6 15. Na5 Rb8 16. b4 dxe4 17. Bxe4 Bxe4 18. Nxe4 Nd5 19. Qd3 Qc7 20. Nc4
b6 21. Qg3 c5 22. Ncd6 cxd4 23. Nf6+ Kh8 24. Qd3 Nxf6 25. exf6 Bxf6 26. Ne4
Be7 27. Rf3 dxc3 28. Rc1 Rbd8 29. Qc2 Qc6 30. Rg3 Qc4 31. Nxc3 Bf6 32. a3
Be5 33. Rh3 Qd4+ 34. Kh1 Qd2 35. Qxd2 Rxd2 36. Ne4 Re2 37. Nc3 Rd2 38. Ne4
Re2 39. Nc3 Bxc3 40. Rhxc3 Kg8 41. Kg1 Ra2 42. Kf1 Rb2 43. Ke1 Rxg2 44.
R3c2 Rg1+ 45. Ke2 Rxc1 46. Rxc1 Ra8 47. Rc7 Kf8 48. Kd3 Ke8 49. Kd4 Rd8+
50. Ke5 Ra8 51. Kd6 Rd8+ 52. Ke5 Rd5+ 53. Ke4 Rd2 54. Rxa7 Rxh2 55. Ke5
Rh5+ 56. Kd6 Rd5+ 57. Kc6 b5 58. Ra8+ Ke7 59. Ra7+ Kf6 60. Ra5 h5 61. Rxb5
Rxb5 62. Kxb5 h4 63. Ka6 h3 64. b5 h2 65. b6 h1=Q 66. b7 Qf1+ 67. Ka7 Qf2+
68. Ka8 Qb2 69. b8=Q Qxb8+ 70. Kxb8 e5 71. a4 e4 72. a5 e3 73. a6 e2 74. a7
e1=Q 75. a8=Q Qe8+ 76. Ka7 Qxa8+ 77. Kxa8 g6 78. Kb7 g5 79. Kc6 g4 80. Kd5
g3 81. Ke4 g2 82. Kf3 g1=Q { White resigns } 0-1

[Event "ICC tourney 2260 (3 2)"]
[Site "Internet Chess Club"]
[Date "2020.12.31"]
[Round "4"]
[White "hi321"]
[Black "hackerguru"]
[Result "0-1"]
[ICCResult "White resigns"]
[WhiteElo "1433"]
[BlackElo "1756"]
[Opening "Sicilian: Nimzovich-Rossolimo attack (with ...g6, without ...d6)"]
[ECO "B31"]
[NIC "SI.31"]
[Time "12:43:49"]
[PlyCount "158"]
[TimeControl "180+2"]

1. e4 c5 2. Nf3 Nc6 3. Bb5 g6 4. Bxc6 dxc6 5. O-O Bg7 6. d3 Nf6 7. Be3 Nd7
8. c3 e5 9. Qc2 O-O 10. Nbd2 b6 11. a4 Ba6 12. Rfd1 f5 13. exf5 gxf5 14.
Bg5 Qc7 15. c4 Rae8 16. Re1 h6 17. Bh4 Nf6 18. Bg3 f4 19. Bh4 Nd7 20. Ne4
Re6 21. Rad1 Rfe8 22. b3 Nf8 23. Nfd2 Ng6 24. Nf3 Nxh4 25. Nxh4 Qf7 26. Qe2
Kh7 27. Qg4 Rf8 28. Qh3 Kg8 29. Qg4 Bc8 30. Qe2 Kh8 31. Nf3 Rg8 32. h3 Rg6
33. Kh2 Qe7 34. Ned2 Bf6 35. Rg1 Bf5 36. Nb1 Qg7 37. Qf1 Kh7 38. Nc3 Be7
39. Re1 Bd6 40. Ne4 Bc7 41. Nh4 Bxe4 42. Rxe4 Rf6 43. Qe2 Re6 44. Nf3 Qg6
45. Nh4 Qf6 46. Nf3 Bd6 47. Re1 Qg6 48. Rg1 a6 49. Nxe5 Qf5 50. Nf3 Reg6
51. Qe1 b5 52. Nh4 f3+ 53. g3 Bxg3+ 54. fxg3 f2 55. Nxf5 fxe1=Q 56. Rexe1
Rf6 57. g4 h5 58. Re7+ Kh8 59. Re5 hxg4 60. hxg4 bxc4 61. Kg3 Kh7 62. Rh1+
Kg6 63. Rh6+ Kg5 64. Rxf6 Kxf6 65. Rxc5 cxd3 66. Rxc6+ Ke5 67. Rc3 Rd8 68.
Rc1 d2 69. Rd1 Ke4 70. Kf2 Kd3 71. Ne3 Rf8+ 72. Nf5 Kc2 73. Ke2 Re8+ 74.
Ne3+ Rxe3+ 75. Kxe3 Kxd1 76. g5 Ke1 77. g6 d1=Q 78. g7 Qd8 79. Ke4 Qg8 {
White resigns } 0-1

[Event "ICC tourney 2260 (3 2)"]
[Site "Internet Chess Club"]
[Date "2020.12.31"]
[Round "4"]
[White "saisiva765"]
[Black "garfield92037"]
[Result "1-0"]
[ICCResult "Black checkmated"]
[WhiteElo "1950"]
[BlackElo "1843"]
[Opening "Queen's pawn, Mason variation"]
[ECO "D00"]
[NIC "QP.08"]
[Time "12:45:22"]
[PlyCount "155"]
[TimeControl "180+2"]

1. d4 d5 2. Bf4 Bf5 3. e3 Nc6 4. c3 e6 5. Nf3 Bd6 6. Bg3 Nge7 7. Nbd2 O-O
8. Ne5 f6 9. Nxc6 Nxc6 10. Qb3 Qd7 11. Bb5 a6 12. Bxc6 Qxc6 13. O-O Kh8 14.
c4 Qd7 15. cxd5 exd5 16. Bxd6 Qxd6 17. Rac1 Rab8 18. Rc5 c6 19. Rfc1 Bd7
20. Qb6 f5 21. g3 Qg6 22. Nf3 Qh5 23. Ne5 Be6 24. Qc7 f4 25. exf4 Bf5 26.
Re1 Be4 27. Rc3 Bf5 28. Nf3 Be4 29. Ng5 Bf5 30. Rce3 h6 31. Ne6 Bxe6 32.
Rxe6 Rbe8 33. Re7 Rxe7 34. Qxe7 Qf7 35. Qxf7 Rxf7 36. Re8+ Kh7 37. Kg2 Kg6
38. b4 Rd7 39. Kf3 Kf7 40. Re5 Rd8 41. a4 Kf6 42. Kg4 Ra8 43. a5 Rb8 44.
Rf5+ Ke7 45. Kh5 Ke6 46. Kg6 b6 47. Re5+ Kd6 48. Kxg7 bxa5 49. bxa5 Rb2 50.
f5 Rxf2 51. f6 c5 52. f7 cxd4 53. Re1 Kc5 54. f8=Q+ Rxf8 55. Kxf8 Kc4 56.
Kg7 h5 57. Kg6 d3 58. Kf5 d2 59. Rd1 Kd3 60. Ke5 Ke2 61. Rxd2+ Kxd2 62.
Kxd5 Ke3 63. h3 Kf3 64. g4 h4 65. g5 Kg3 66. g6 Kxh3 67. g7 Kh2 68. g8=Q
Kh1 69. Qg4 h3 70. Qxh3+ Kg1 71. Qe6 Kf2 72. Qxa6 Kg1 73. Qb6+ Kh1 74. a6
Kh2 75. a7 Kh1 76. a8=Q Kh2 77. Qg8 Kh1 78. Qh6# { Black checkmated } 1-0

[Event "ICC tourney 2260 (3 2)"]
[Site "Internet Chess Club"]
[Date "2020.12.31"]
[Round "5"]
[White "baldwinsthename"]
[Black "miyzhang"]
[Result "1-0"]
[ICCResult "Black checkmated"]
[WhiteElo "1228"]
[BlackElo "1227"]
[Opening "QGD: 3...Nf6"]
[ECO "D35"]
[NIC "QO.16"]
[Time "13:00:03"]
[PlyCount "39"]
[TimeControl "180+2"]

1. d4 d5 2. c4 e6 3. Nc3 Nf6 4. a3 c6 5. e3 Nbd7 6. Nf3 Be7 7. Bd3 O-O 8.
h4 h6 9. Ng5 hxg5 10. hxg5 g6 11. gxf6 Nxf6 12. Qf3 Qc7 13. e4 dxe4 14.
Nxe4 Nxe4 15. Bxe4 Qa5+ 16. Bd2 Qb6 17. Bc3 e5 18. dxe5 Bc5 19. e6 Bxe6 20.
Rh8# { Black checkmated } 1-0

[Event "ICC tourney 2260 (3 2)"]
[Site "Internet Chess Club"]
[Date "2020.12.31"]
[Round "5"]
[White "bobiscool"]
[Black "hi321"]
[Result "0-1"]
[ICCResult "White checkmated"]
[WhiteElo "1697"]
[BlackElo "1433"]
[Opening "Ruy Lopez: Caro variation"]
[ECO "C70"]
[NIC "RL.09"]
[Time "13:00:38"]
[PlyCount "58"]
[TimeControl "180+2"]

1. e4 e5 2. Nf3 Nc6 3. Bb5 a6 4. Ba4 b5 5. Bb3 Nf6 6. O-O Bc5 7. Re1 d6 8.
c3 Ba7 9. d4 Bg4 10. d5 Ne7 11. h3 Bxf3 12. Qxf3 Ng6 13. Bg5 h6 14. Bxf6
Qxf6 15. Qxf6 gxf6 16. Nd2 Kd7 17. Nf3 Rhg8 18. c4 bxc4 19. Bxc4 Nf4 20.
Nh4 Nxh3+ 21. Kh2 Nf4 22. Bxa6 Bxf2 23. Bb5+ Ke7 24. Rf1 Bxh4 25. Rac1 Ra7
26. Rg1 Bg3+ 27. Kh1 Rg5 28. Rgd1 Bf2 29. g3 Rh5# { White checkmated } 0-1

[Event "ICC tourney 2260 (3 2)"]
[Site "Internet Chess Club"]
[Date "2020.12.31"]
[Round "5"]
[White "ChiefDas"]
[Black "michaelxiao"]
[Result "1-0"]
[ICCResult "Black resigns"]
[WhiteElo "1857"]
[BlackElo "1318"]
[Opening "French: Réti (Spielmann) variation"]
[ECO "C00"]
[NIC "FR.01"]
[Time "13:00:38"]
[PlyCount "43"]
[TimeControl "180+2"]

1. e4 e6 2. b3 d5 3. Bb2 dxe4 4. Nc3 Nf6 5. Qe2 b6 6. Nxe4 Nxe4 7. Qxe4 Qd5
8. Bd3 Bb7 9. Qxd5 Bxd5 10. f3 Bc5 11. Ne2 Nd7 12. Nf4 f6 13. Nxd5 exd5 14.
O-O-O O-O-O 15. Bf5 Kb8 16. d4 Bd6 17. h3 g6 18. Bd3 Rhe8 19. Rhe1 Bf4+ 20.
Kb1 c5 21. Bb5 c4 22. Rxe8 { Black resigns } 1-0

[Event "ICC tourney 2260 (3 2)"]
[Site "Internet Chess Club"]
[Date "2020.12.31"]
[Round "5"]
[White "StevChess01"]
[Black "Kokosnuss1000"]
[Result "0-1"]
[ICCResult "White checkmated"]
[WhiteElo "1684"]
[BlackElo "1600"]
[Opening "QGD: exchange, positional line"]
[ECO "D35"]
[NIC "QO.16"]
[Time "12:59:44"]
[PlyCount "64"]
[TimeControl "180+2"]

1. d4 d5 2. c4 e6 3. Nc3 Nf6 4. cxd5 exd5 5. Bg5 Be7 6. e3 O-O 7. Bd3 Nbd7
8. Qc2 b6 9. Nf3 Bb7 10. O-O c5 11. b3 Rc8 12. Qb2 c4 13. bxc4 dxc4 14. Bc2
Ne4 15. Nxe4 Bxe4 16. Bxe4 c3 17. Qc2 Bxg5 18. Nxg5 Qxg5 19. Bxh7+ Kh8 20.
Be4 f5 21. Bf3 f4 22. e4 Nf6 23. Rab1 Ng4 24. Bxg4 Qxg4 25. f3 Qg5 26. Rb3
Rf6 27. Rxc3 Rxc3 28. Qxc3 Rh6 29. Rc1 Qh4 30. Qc8+ Kh7 31. Qf5+ Rg6 32.
Rc6 Qe1# { White checkmated } 0-1

[Event "ICC tourney 2260 (3 2)"]
[Site "Internet Chess Club"]
[Date "2020.12.31"]
[Round "5"]
[White "saisiva765"]
[Black "Mozart1"]
[Result "1-0"]
[ICCResult "Black checkmated"]
[WhiteElo "1950"]
[BlackElo "1836"]
[Opening "Queen's pawn, Mason variation"]
[ECO "D00"]
[NIC "QP.08"]
[Time "13:00:23"]
[PlyCount "57"]
[TimeControl "180+2"]

1. d4 d5 2. Bf4 Nf6 3. e3 e6 4. Nf3 Bd6 5. Bg3 c5 6. c3 Nc6 7. Nbd2 Qe7 8.
Ne5 Qc7 9. f4 O-O 10. Bd3 b6 11. O-O Bb7 12. Bh4 Be7 13. Qf3 g6 14. Qh3 a5
15. Bg5 Nh5 16. Bh6 Rfe8 17. g4 Ng7 18. Bxg7 Kxg7 19. g5 Nxe5 20. Qh6+ Kg8
21. fxe5 Bf8 22. Qh4 Ba6 23. Bxa6 Rxa6 24. Rf3 Be7 25. Raf1 Rf8 26. Qh6 Bd8
27. Rf6 Bxf6 28. gxf6 Rfa8 29. Qg7# { Black checkmated } 1-0

[Event "ICC tourney 2260 (3 2)"]
[Site "Internet Chess Club"]
[Date "2020.12.31"]
[Round "5"]
[White "Braveninja"]
[Black "martinjames28"]
[Result "0-1"]
[ICCResult "White resigns"]
[WhiteElo "384"]
[BlackElo "1196"]
[Opening "Caro-Kann defense"]
[ECO "B11"]
[NIC "CK.01"]
[Time "12:59:45"]
[PlyCount "43"]
[TimeControl "180+2"]

1. e4 c6 2. Nc3 d5 3. exd5 cxd5 4. Nf3 Nf6 5. d4 Bf5 6. Bb5+ Nc6 7. Bg5 e6
8. b3 Bb4 9. Bd2 Qa5 10. a3 Bxc3 11. Bxc3 Qxc3+ 12. Nd2 O-O 13. O-O Nxd4
14. a4 Nxb5 15. axb5 Bxc2 16. Qe2 Bd3 17. Rac1 Bxe2 18. Rxc3 Bxf1 19. Kxf1
Rac8 20. Rc4 dxc4 21. Nxc4 Rxc4 22. bxc4 { White resigns } 0-1

[Event "ICC tourney 2260 (3 2)"]
[Site "Internet Chess Club"]
[Date "2020.12.31"]
[Round "5"]
[White "LuckyNessLover"]
[Black "andrewj508"]
[Result "0-1"]
[ICCResult "White checkmated"]
[WhiteElo "1655"]
[BlackElo "1270"]
[Opening "French defense"]
[ECO "C00"]
[NIC "FR.01"]
[Time "12:59:53"]
[PlyCount "52"]
[TimeControl "180+2"]

1. e4 e6 2. Nf3 d5 3. exd5 exd5 4. d4 Nf6 5. c4 c6 6. Nc3 Bb4 7. Be2 O-O 8.
O-O Re8 9. Be3 Bf5 10. a3 Ba5 11. b4 Bc7 12. c5 Ne4 13. Nxe4 dxe4 14. Ne1
Qh4 15. g3 Qh3 16. Ng2 Re6 17. Bc4 Rg6 18. Qb3 Rf6 19. Bg5 Nd7 20. Rfd1 Bg4
21. Bxf6 Nxf6 22. Rf1 Bf3 23. Nh4 Ng4 24. Nxf3 exf3 25. Bxf7+ Kh8 26. Qxf3
Qxh2# { White checkmated } 0-1

[Event "ICC tourney 2260 (3 2)"]
[Site "Internet Chess Club"]
[Date "2020.12.31"]
[Round "5"]
[White "kittypuppy"]
[Black "MehPlayer"]
[Result "0-1"]
[ICCResult "White checkmated"]
[WhiteElo "1135"]
[BlackElo "1528"]
[Opening "Nimzo-Indian defense"]
[ECO "E20"]
[NIC "NI.30"]
[Time "12:59:55"]
[PlyCount "64"]
[TimeControl "180+2"]

1. d4 Nf6 2. c4 e6 3. Nc3 Bb4 4. Bf4 d5 5. Nf3 Nbd7 6. Qc2 O-O 7. e3 c6 8.
Bd3 a6 9. O-O-O b5 10. cxd5 cxd5 11. Ng5 h6 12. Nh7 Bb7 13. Nxf8 Kxf8 14.
Kb1 Rc8 15. Qb3 Bxc3 16. bxc3 Nb6 17. Qa3+ Kg8 18. Be5 Ng4 19. Bg3 Nc4 20.
Bxc4 bxc4 21. h3 Nf6 22. Qd6 Qa5 23. Qd7 Nxd7 24. Ka1 Qxc3+ 25. Kb1 e5 26.
dxe5 Nxe5 27. Bxe5 Qxe5 28. Rd4 Bc6 29. Re1 Rb8+ 30. Kc2 Qf5+ 31. Kc3 Qxf2
32. Red1 Qb2# { White checkmated } 0-1

[Event "ICC tourney 2260 (3 2)"]
[Site "Internet Chess Club"]
[Date "2020.12.31"]
[Round "5"]
[White "VincentT2008"]
[Black "Feugon"]
[Result "0-1"]
[ICCResult "White resigns"]
[WhiteElo "1743"]
[BlackElo "1982"]
[Opening "Dutch defense, Rubinstein variation"]
[ECO "A40"]
[NIC "QO.17"]
[Time "12:59:57"]
[PlyCount "68"]
[TimeControl "180+2"]

1. d4 e6 2. c4 f5 3. Nc3 Nf6 4. g3 d5 5. Bg2 c6 6. Nf3 Bd6 7. c5 Bc7 8. O-O
O-O 9. Bg5 Nbd7 10. b4 h6 11. Bxf6 Qxf6 12. e3 e5 13. b5 e4 14. Nd2 g5 15.
bxc6 bxc6 16. Re1 Kh7 17. Nf1 f4 18. exf4 gxf4 19. gxf4 Qxf4 20. Qd2 Qh4
21. Ng3 Nf6 22. Nd1 Ng4 23. h3 Nxf2 24. Nxf2 Bxg3 25. Rf1 Ba6 26. Rab1 Bxf1
27. Rxf1 Bxf2+ 28. Rxf2 Qxf2+ 29. Qxf2 Rxf2 30. Kxf2 Rb8 31. Ke3 Rb2 32.
Bf1 Rxa2 33. h4 Kg6 34. Kf4 Rf2+ { White resigns } 0-1

[Event "ICC tourney 2260 (3 2)"]
[Site "Internet Chess Club"]
[Date "2020.12.31"]
[Round "5"]
[White "Aahilvalliani"]
[Black "caracleliem2"]
[Result "0-1"]
[ICCResult "White checkmated"]
[WhiteElo "813"]
[BlackElo "1152"]
[Opening "QGD semi-Slav: 5...Nd7"]
[ECO "D45"]
[NIC "SL.08"]
[Time "13:00:38"]
[PlyCount "80"]
[TimeControl "180+2"]

1. d4 d5 2. c4 c6 3. Nc3 Nf6 4. Nf3 e6 5. e3 Nbd7 6. Bd2 dxc4 7. Bxc4 b5 8.
Bd3 a6 9. O-O c5 10. Ne2 Be7 11. b3 Bb7 12. Ne1 O-O 13. Qc2 h6 14. f3 Qc7
15. e4 Bd6 16. e5 Nxe5 17. dxe5 Bxe5 18. Rc1 Bxh2+ 19. Kf2 Bg3+ 20. Nxg3 c4
21. bxc4 Qc5+ 22. Be3 Qc6 23. cxb5 Qxc2+ 24. Rxc2 axb5 25. Bxb5 Nd5 26. Bc6
Nxe3 27. Kxe3 Ra3+ 28. Kf2 Bxc6 29. Rxc6 Rxa2+ 30. Kg1 Rd8 31. Rf2 Ra1 32.
Rf1 Rdd1 33. Kf2 Rd2+ 34. Ne2 Kf8 35. g3 Raa2 36. Kg1 Rxe2 37. Rc1 Ke7 38.
Nd3 Rg2+ 39. Kh1 Rh2+ 40. Kg1 Rag2# { White checkmated } 0-1

[Event "ICC tourney 2260 (3 2)"]
[Site "Internet Chess Club"]
[Date "2020.12.31"]
[Round "5"]
[White "shrey16ultimate"]
[Black "DrKnight01"]
[Result "0-1"]
[ICCResult "White checkmated"]
[WhiteElo "1601"]
[BlackElo "1216"]
[Opening "Queen's pawn, Mason variation"]
[ECO "D00"]
[NIC "QP.08"]
[Time "13:00:30"]
[PlyCount "82"]
[TimeControl "180+2"]

1. d4 d5 2. Bf4 Nc6 3. e3 Nf6 4. c4 dxc4 5. Bxc4 Bf5 6. Nc3 e6 7. Nf3 Bb4
8. a3 Bxc3+ 9. bxc3 Qd7 10. Bb5 Qe7 11. Ne5 O-O 12. Nxc6 bxc6 13. Bxc6 Rab8
14. O-O h6 15. h3 g5 16. Bh2 g4 17. hxg4 Bxg4 18. Bf3 Bf5 19. e4 Bh7 20.
Rb1 Rxb1 21. Qxb1 Nd5 22. Qb3 Nb6 23. Rc1 Qg5 24. Qc2 Nd5 25. Qd1 Nf4 26.
Bxf4 Qxf4 27. Qe1 Kh8 28. Rb1 Rg8 29. Qe3 Qf6 30. Rb7 h5 31. e5 Qf5 32.
Rxc7 Qb1+ 33. Kh2 h4 34. Qf4 Bf5 35. Qh6+ Bh7 36. Qf6+ Rg7 37. Rc8+ Bg8 38.
Qh6+ Rh7 39. Qf6+ Rg7 40. Bh5 h3 41. gxh3 Qg1# { White checkmated } 0-1

[Event "ICC tourney 2260 (3 2)"]
[Site "Internet Chess Club"]
[Date "2020.12.31"]
[Round "5"]
[White "MChessy"]
[Black "PearsonH"]
[Result "0-1"]
[ICCResult "White checkmated"]
[WhiteElo "1950"]
[BlackElo "1756"]
[Opening "French: exchange variation"]
[ECO "C01"]
[NIC "FR.01"]
[Time "12:59:54"]
[PlyCount "64"]
[TimeControl "180+2"]

1. e4 e6 2. d4 d5 3. exd5 exd5 4. Nc3 Nf6 5. Nf3 c6 6. Be3 Bd6 7. Qd2 Bf5
8. O-O-O b5 9. Nh4 Be6 10. Bg5 a5 11. f4 O-O 12. f5 Bd7 13. Ne2 b4 14. Ng3
a4 15. Nh5 Be7 16. Nxg7 Kxg7 17. Bh6+ Kh8 18. Bd3 Ng4 19. Bxf8 Bg5 20. Bg7+
Kxg7 21. f6+ Kxf6 22. Rhf1+ Kg7 23. Nf5+ Bxf5 24. Bxf5 Bxd2+ 25. Rxd2 Nh6
26. Bd3 b3 27. cxb3 axb3 28. a3 Nd7 29. Rf3 Nf6 30. Rg3+ Kh8 31. Rf2 Qe7
32. Rh3 Qe1# { White checkmated } 0-1

[Event "ICC tourney 2260 (3 2)"]
[Site "Internet Chess Club"]
[Date "2020.12.31"]
[Round "5"]
[White "realFreddyWeddy"]
[Black "sujashankar"]
[Result "0-1"]
[ICCResult "White resigns"]
[WhiteElo "1104"]
[BlackElo "1691"]
[Opening "Sicilian: dragon, 6.Be3"]
[ECO "B76"]
[NIC "SI.16"]
[Time "13:00:11"]
[PlyCount "64"]
[TimeControl "180+2"]

1. e4 c5 2. Nf3 d6 3. d4 cxd4 4. Nxd4 Nf6 5. Nc3 g6 6. Be3 Bg7 7. Qd2 O-O
8. f3 Nc6 9. a3 a6 10. Be2 Bd7 11. O-O Rc8 12. Bf2 Ne5 13. Nb3 Be6 14. Rac1
Bc4 15. Rfe1 Bxe2 16. Qxe2 Nc4 17. Rb1 Nxb2 18. Rxb2 Rxc3 19. Reb1 b5 20.
Be1 Rc8 21. Ba5 Qd7 22. Qd3 Qa7+ 23. Kh1 Nd7 24. c3 Nc5 25. Nxc5 dxc5 26.
Qe3 Qd7 27. Rd2 Qe6 28. Bb6 Qxb6 29. Rd7 Qe6 30. Rbd1 Qe5 31. R1d3 c4 32.
R3d4 Qc5 { White resigns } 0-1

[Event "ICC tourney 2260 (3 2)"]
[Site "Internet Chess Club"]
[Date "2020.12.31"]
[Round "5"]
[White "hggonzalezzss"]
[Black "marinaxiao"]
[Result "1-0"]
[ICCResult "Black resigns"]
[WhiteElo "1767"]
[BlackElo "1556"]
[Opening "Sicilian: Pelikan (Lasker/Sveshnikov) variation"]
[ECO "B33"]
[NIC "SI.35"]
[Time "12:59:53"]
[PlyCount "61"]
[TimeControl "180+2"]

1. e4 c5 2. Nf3 Nc6 3. d4 cxd4 4. Nxd4 Nf6 5. Nc3 e5 6. Ndb5 d6 7. a4 a6 8.
Na3 Be7 9. Bc4 O-O 10. O-O Be6 11. Bxe6 fxe6 12. Be3 d5 13. exd5 exd5 14.
Bg5 d4 15. Ne2 Ng4 16. Bxe7 Qxe7 17. Ng3 Rad8 18. Qxg4 d3 19. cxd3 Rxd3 20.
Rad1 Rb3 21. Qc4+ Qf7 22. Qc2 Nd4 23. Qe4 Re8 24. Rfe1 Rxb2 25. Rxd4 Qxf2+
26. Kh1 Rf8 27. Rdd1 Rf6 28. Rf1 Qb6 29. Rxf6 Qxf6 30. Qd5+ Kf8 31. Rf1 {
Black resigns } 1-0

[Event "ICC tourney 2260 (3 2)"]
[Site "Internet Chess Club"]
[Date "2020.12.31"]
[Round "5"]
[White "DFKnights"]
[Black "AirMaisem"]
[Result "1-0"]
[ICCResult "Black forfeits on time"]
[WhiteElo "1802"]
[BlackElo "1171"]
[Opening "King's pawn game"]
[ECO "C50"]
[NIC "IG.03"]
[Time "12:59:55"]
[PlyCount "59"]
[TimeControl "180+2"]

1. e4 e5 2. Nf3 Nc6 3. Bc4 h6 4. O-O d6 5. Re1 Nf6 6. c3 Be6 7. Bf1 Be7 8.
d4 exd4 9. cxd4 Bg4 10. d5 Ne5 11. Qa4+ Bd7 12. Qb3 Nxf3+ 13. Qxf3 O-O 14.
Nc3 Bg4 15. Qd3 Nh7 16. Be3 f5 17. f3 Bh5 18. exf5 Nf6 19. g4 Bf7 20. Rad1
Nd7 21. Bf4 Nc5 22. Qc2 h5 23. h3 hxg4 24. hxg4 Bh4 25. Re2 Re8 26. Rh2 Qf6
27. Qg2 Bg5 28. Qh3 g6 29. Qh7+ Kf8 30. Bxg5 { Black forfeits on time } 1-0

[Event "ICC tourney 2260 (3 2)"]
[Site "Internet Chess Club"]
[Date "2020.12.31"]
[Round "5"]
[White "KingRayfish"]
[Black "ekanshmehrotra"]
[Result "1/2-1/2"]
[ICCResult "Game drawn because neither player has mating material"]
[WhiteElo "1469"]
[BlackElo "1843"]
[Opening "Giuoco Pianissimo: Italian four knights variation"]
[ECO "C55"]
[NIC "IG.01"]
[Time "12:59:56"]
[PlyCount "84"]
[TimeControl "180+2"]

1. e4 e5 2. Nf3 Nc6 3. Bc4 Nf6 4. d3 Bc5 5. Nc3 O-O 6. O-O h6 7. h3 d6 8.
Be3 Bb6 9. Bb3 Be6 10. d4 exd4 11. Nxd4 Nxd4 12. Bxd4 Bxb3 13. axb3 Re8 14.
Re1 d5 15. Bxb6 axb6 16. Rxa8 Qxa8 17. exd5 Rxe1+ 18. Qxe1 Qa5 19. g3 Kf8
20. Qe5 Qa1+ 21. Kg2 Qxb2 22. d6 cxd6 23. Qxd6+ Kg8 24. Na4 Qxc2 25. Qxb6
Qc6+ 26. Qxc6 bxc6 27. Nc5 Kf8 28. f4 Ke7 29. Kf3 Nd5 30. Ke4 Kd6 31. Kd4
f5 32. Nd3 g5 33. fxg5 hxg5 34. h4 f4 35. gxf4 gxh4 36. Ke4 h3 37. Kf3 Ke6
38. Kg3 Kf5 39. Ne5 Ne7 40. Kxh3 Kxf4 41. Nxc6 Nxc6 42. b4 Nxb4 { Game
drawn because neither player has mating material } 1/2-1/2

[Event "ICC tourney 2260 (3 2)"]
[Site "Internet Chess Club"]
[Date "2020.12.31"]
[Round "5"]
[White "aberdeenace"]
[Black "auggie29"]
[Result "0-1"]
[ICCResult "White resigns"]
[WhiteElo "1546"]
[BlackElo "1095"]
[Opening "Sicilian: Grand Prix attack"]
[ECO "B21"]
[NIC "SI.48"]
[Time "13:00:38"]
[PlyCount "96"]
[TimeControl "180+2"]

1. e4 c5 2. f4 Nc6 3. Bc4 e6 4. Nf3 d5 5. exd5 exd5 6. Qe2+ Be7 7. Bb5 a6
8. Bxc6+ bxc6 9. O-O Nf6 10. c3 O-O 11. d3 Bg4 12. h3 Bd7 13. g4 Re8 14.
Ne5 Bd6 15. Qg2 Bxe5 16. fxe5 Rxe5 17. g5 Ne8 18. h4 Qe7 19. Nd2 Nc7 20.
Nf3 Re2 21. Rf2 Rxf2 22. Qxf2 Re8 23. Bd2 Qe2 24. Rf1 Bg4 25. Qxe2 Rxe2 26.
Bf4 Ne6 27. Ne5 Bh3 28. Rf2 Rxf2 29. Kxf2 Nxf4 30. Nxc6 Nxd3+ 31. Ke3 Nxb2
32. Nb8 Bc8 33. a3 Kf8 34. Kf4 Ke7 35. Ke5 Bb7 36. h5 f6+ 37. gxf6+ gxf6+
38. Kf5 d4 39. cxd4 cxd4 40. Kf4 d3 41. Ke3 Kd6 42. a4 Kc7 43. a5 Kxb8 44.
Kd2 Be4 45. Kc3 Nc4 46. Kxc4 d2 47. Kd4 d1=Q+ 48. Kxe4 Qa4+ { White resigns
} 0-1

[Event "ICC tourney 2260 (3 2)"]
[Site "Internet Chess Club"]
[Date "2020.12.31"]
[Round "5"]
[White "hackerguru"]
[Black "NL008"]
[Result "0-1"]
[ICCResult "White resigns"]
[WhiteElo "1756"]
[BlackElo "1534"]
[Opening "English: Bremen system, Keres variation"]
[ECO "A23"]
[NIC "EO.12"]
[Time "12:59:55"]
[PlyCount "86"]
[TimeControl "180+2"]

1. c4 e5 2. Nc3 Nf6 3. g3 c6 4. e4 d5 5. cxd5 cxd5 6. exd5 Nxd5 7. Bg2 Nxc3
8. bxc3 Nc6 9. Ne2 Bd7 10. O-O Bc5 11. d4 exd4 12. Nxd4 O-O 13. Be3 Bb6 14.
Rb1 Nxd4 15. Bxd4 Bxd4 16. Qxd4 Bc6 17. Rfd1 Qxd4 18. cxd4 Bxg2 19. Kxg2 b6
20. d5 Rfd8 21. Rbc1 Rd7 22. d6 Rad8 23. Rc7 f6 24. Kf3 Kf7 25. Ke4 Ke6 26.
f4 f5+ 27. Ke3 Rxc7 28. dxc7 Rc8 29. Rc1 Kd6 30. Rd1+ Kxc7 31. Rd5 g6 32.
Kd2 Rd8 33. Rd3 Rxd3+ 34. Kxd3 Kd7 35. h3 h6 36. Kd4 Kd6 37. g4 b5 38. gxf5
gxf5 39. h4 h5 40. a3 a5 41. Kc3 Kc5 42. Kd3 b4 43. a4 Kd5 { White resigns
} 0-1

[Event "ICC tourney 2260 (3 2)"]
[Site "Internet Chess Club"]
[Date "2020.12.31"]
[Round "5"]
[White "local0928"]
[Black "Viking21"]
[Result "0-1"]
[ICCResult "White resigns"]
[WhiteElo "1785"]
[BlackElo "1905"]
[Opening "Alekhine's defense: Scandinavian variation"]
[ECO "B02"]
[NIC "AL.10"]
[Time "13:00:22"]
[PlyCount "56"]
[TimeControl "180+2"]

1. e4 Nf6 2. Nc3 d5 3. exd5 Nxd5 4. Nxd5 Qxd5 5. d4 Nc6 6. c3 e5 7. Qe2 Be6
8. dxe5 Nxe5 9. Bf4 Bd6 10. Bxe5 Bxe5 11. Nf3 Bf6 12. Qb5+ Qxb5 13. Bxb5+
c6 14. Be2 O-O-O 15. O-O g5 16. h3 h5 17. Rfd1 c5 18. a3 g4 19. hxg4 hxg4
20. Nh2 Rdg8 21. g3 Rh3 22. Bf1 Rh6 23. Bg2 Rgh8 24. Nf1 Bc4 25. Ne3 Be2
26. Rd5 Bf3 27. Rxc5+ Kb8 28. Nf1 Rh1+ { White resigns } 0-1